 Dungeon Crawl Stone Soup version 0.29.1-2-gbd0b4ee654 (webtiles) character file.

Game seed: 5558428787107102229

19014 croobank the Thaumaturge (level 12, -2/92 HPs)
             Began as a Demonspawn Conjurer on Nov 29, 2022.
             Was an Initiate of Gozag.
             Slain by a shadow (32 damage)
             ... on level 11 of the Dungeon.
             The game lasted 01:21:38 (17227 turns).

croobank the Thaumaturge (Demonspawn Conjurer)     Turns: 17227, Time: 01:21:39

Health: -2/92      AC:  7    Str: 15    XL:     12   Next: 32%
Magic:  23/35      EV: 13    Int: 24    God:    Gozag
Gold:   838        SH:  0    Dex:  7    Spells: 6/31 levels left

rFire   + . .      SeeInvis .   x - +4 dagger (venom)
rCold   + . .      Faith    .   (no shield)
rNeg    + + +      Spirit   .   i - +0 robe
rPois   .          Reflect  .   (no helmet)
rElec   .          Harm     .   (no cloak)
rCorr   +          Rampage  .   M - +0 pair of gloves
Will    .....                   (no boots)
Stlth   +++.......              (no amulet)
HPRegen 0.25/turn               k - ring of False Pretenses {rC+ rN+++ MP+9 Str+6 Dex-4}
MPRegen 0.24/turn               e - ring of protection from fire

@: slowed, very slow
A: yellow scales 3, demonic guardian 1, foul stench 1, demonic touch 1
a: Renounce Religion, Potion Petition, Call Merchant, Bribe Branch


You were on level 11 of the Dungeon.
You worshipped Gozag.
Gozag was pleased with you.
You visited 2 branches of the dungeon, and saw 12 of its levels.

You collected 2609 gold pieces.
You spent 590 gold pieces at shops.
You paid 1181 gold pieces to Gozag.

Inventory:

Hand Weapons
 a - a +2 short sword of freezing
 b - a +0 shortbow of freezing
 d - a +0 short sword of flaming
 q - a +0 dagger of speed
 v - a +1 antimagic short sword
 x - a +4 dagger of venom (weapon)
 z - a +5 short sword
 B - a +3 hand axe of freezing
 E - a +1 vampiric whip
 F - a +2 vorpal trident
 R - a +4 war axe
Missiles
 G - 8 curare-tipped darts
Armour
 g - a +0 ring mail
 i - a +0 robe (worn)
 p - an orb of wrath
 H - the +0 ring mail of Forking Paths {Fly rElec rPois Str-4}
   (You found it on level 7 of the Dungeon)

   Str:       It affects your strength (-4).
   rElec:     It insulates you from electricity.
   rPois:     It protects you from poison.
   Fly:       It grants you flight.
 K - an orb of energy
 M - a +0 pair of gloves (worn)
Magical Staves
 j - a staff of air
Jewellery
 c - a +4 ring of protection
 e - a ring of protection from fire (right hand)
 k - the ring of False Pretenses (left hand) {rC+ rN+++ MP+9 Str+6 Dex-4}
   (You found it on level 2 of the Dungeon)

   [ring of strength]

   Str:       It affects your strength (+6).
   Dex:       It affects your dexterity (-4).
   rC:        It protects you from cold.
   rN:        It renders you almost immune to negative energy.
   MP:        It affects your magic capacity (+9).
 m - an amulet of guardian spirit
 w - a ring of fire
Wands
 I - a wand of acid (6)
 N - a wand of iceblast (11)
 Q - a wand of flame (2)
Scrolls
 f - 2 scrolls of immolation
 n - 2 scrolls of vulnerability
 y - 6 scrolls of teleportation
 A - 3 scrolls of identify
 C - a scroll of amnesia
 D - a scroll of blinking
 O - a scroll of enchant armour {unknown}
 P - a scroll of enchant weapon {unknown}
Potions
 h - 2 potions of flight
 l - 2 potions of invisibility
 o - 2 potions of might {unknown}
 r - 3 potions of resistance {unknown}
 s - 4 potions of lignification {unknown}
 t - a potion of brilliance {unknown}
 u - 2 potions of magic
 J - 2 potions of berserk rage {unknown}
 L - a potion of attraction {unknown}


   Skills:
 + Level 8.1 Fighting
 + Level 7.8 Dodging
 - Level 5.7 Stealth
 - Level 10.0 Spellcasting
 - Level 6.8 Conjurations
 - Level 3.0 Hexes
 - Level 10.0 Summonings
 - Level 3.0 Translocations


You had 6 spell levels left.
You knew the following spells:

 Your Spells              Type           Power      Damage    Failure   Level
a - Magic Dart            Conj           100%       1d8       1%          1
b - Searing Ray           Conj           88%        2d7       1%          2
c - Foxfire               Conj/Fire      100%       2x1d9     1%          1
d - Mephitic Cloud        Conj/Pois/Air  22%        N/A       6%          3
e - Dazzling Flash        Conj/Hex       70%        N/A       2%          3
f - Iskenderun's Mystic   Conj/Tloc      35%        2d8       7%          4
g - Summon Guardian Gole  Hex/Summ       43%        N/A       1%          3
h - Summon Mana Viper     Hex/Summ       43%        N/A       10%         5
i - Stone Arrow           Conj/Erth      56%        3d10      4%          3

Your spell library contained the following spells:

 Spells                   Type           Power      Damage    Failure   Level
 Summon Small Mammal      Summ           100%       N/A       1%          1
 Call Imp                 Summ           56%        N/A       1%          2
 Call Canine Familiar     Summ           56%        N/A       1%          3
 Conjure Flame            Conj/Fire      28%        6-21      4%          3
 Necrotise                Necr           48%        1d6       5%          1
 Animate Armour           Summ/Erth      72%        N/A       7%          4
 Fulminant Prism          Conj/Hex       17%        3d11      7%          4
 Inner Flame              Hex/Fire       19%        N/A       9%          3
 Summon Forest            Summ/Tloc      21%        N/A       10%         5
 Flame Wave               Conj/Fire      28%        2d9       13%         4
 Summon Cactus Giant      Summ           28%        N/A       13%         6
 Vampiric Draining        Necr           12%        2d6       16%         3
 Agony                    Necr           12%        N/A       82%         5
 Lehudib's Crystal Spear  Conj/Erth      14%        10d5      100%        8


Dungeon Overview and Level Annotations

Branches:
Dungeon (11/15)            Temple (1/1) D:6            Lair (0/5) D:8
    Orc (0/2) D:9

Altars:
Ashenzari
Cheibriados
Dithmenos
Fedhas
Gozag
Hepliaklqana
Kikubaaqudgha
Makhleb
Nemelex Xobeh
Okawaru
Qazlal
Ru
Sif Muna
Trog
Uskayaw
Vehumet
Wu Jian
Xom
Yredelemnul

Shops:
D:1 *   D:7 :


Innate Abilities, Weirdness & Mutations

You are completely covered in yellow scales. (AC +4, rCorr)
A weak demonic guardian rushes to your aid.
You may rarely emit foul miasma when damaged in melee.
Your touch may inflict minor irresistible damage on your foes.


Message History

The shadow is heavily damaged.
The shadow is knocked back by the mystic blast.
The mystic blast hits the wraith but does no damage.
The wraith is moderately damaged.
The wraith barely misses you.
Casting: Iskenderun's Mystic Blast (dangerous; 7% risk of failure)
Confirm with . or Enter, or press ? or * to list all spells.
You erupt in a blast of force!
The mystic blast hits the wraith.
The wraith is moderately damaged.
The wraith is knocked back by the mystic blast.
The shadow barely misses you. The shadow hits you.
You barely miss the shadow.
You touch the shadow!
The shadow is almost destroyed.
The shadow closely misses you. The wraith misses you.
You hit the shadow but do no damage.
The shadow is almost destroyed.
The shadow closely misses you. The wraith hits you but does no damage.
The shadow slips into darkness.
The shadow flickers and vanishes!
Deactivating autopickup; reactivate with Ctrl-A.
The wraith hits you.
You miss something. Your touch misses something.
The shadow strikes at you from the darkness!
Reactivating autopickup.
The wraith barely misses you.
You hit the shadow but do no damage.
The shadow is almost destroyed.
The shadow hits you. The wraith barely misses you.
The shadow closely misses you. The wraith hits you but does no damage.
You closely miss the shadow. Your touch misses the shadow.
The shadow is almost destroyed.
The shadow slips into darkness.
The shadow flickers and vanishes!
Deactivating autopickup; reactivate with Ctrl-A.
The wraith hits you. The wraith drains your vigour!
You feel as though you will be slow longer.
You completely miss something. Your touch misses something.
The shadow strikes at you from the darkness!
You die...
Your body crumbles into a pile of gold.

########........#
................#
.......#'####....#
...... #....#....######
..... ##....#..........
.... #.....#..........
..... #.....'..........
......#######..W.......
......$........@{...>..
.......................
########...############
#####


You could see a wraith.

Vanquished Creatures
  A two-headed ogre (D:9)
  Nergalle (D:11)
  A manticore (D:10)
  3 centaur zombies (D:11)
  4 centaur skeletons (D:11)
  A troll (D:9)
  A hornet (D:8)
  A flying skull (D:11)
  A wyvern (D:10)
  A shadow (D:11)
  25 yaks
  2 wraiths
  A steam dragon (D:8)
  3 vampire mosquitoes (D:8)
  Menkaure (D:7)
  3 wargs (D:9)
  3 water moccasins
  2 orc warriors
  2 ice beasts
  A black bear (D:8)
  An ogre (D:7)
  6 centaurs
  2 phantoms
  5 bullfrogs
  3 kobold brigands
  2 necrophages
  2 scorpions
  2 gnoll sergeants
  5 wights
  4 killer bees
  A jelly (D:7)
  2 orc priests
  2 gnoll boudas
  3 hounds (D:6)
  2 iguanas
  7 orc wizards
  Terence (D:1)
  A boggart skeleton (D:11)
  A howler monkey zombie (D:11)
  3 adders
  20 gnolls
  2 shadow imps
  2 ufetubi
  2 worms
  3 dart slugs
  40 orcs
  3 endoplasms (D:1)
  3 giant cockroaches
  9 goblins
  7 hobgoblins
  5 jackals
  4 quokkas
  3 ball pythons
  9 bats
  23 kobolds
  9 rats
257 creatures vanquished.

Vanquished Creatures (collateral kills)
  A skeletal warrior (D:11)
  A centaur skeleton (D:11)
  A troll (D:10)
  2 flying skulls (D:11)
  A shadow (D:11)
  A wraith (D:11)
  A kobold brigand (D:9)
  An orc wizard (D:10)
  2 gnolls (D:10)
  4 kobolds
15 creatures vanquished.

Vanquished Creatures (others)
  The ghost of Arctor the Blocker, a journeyman MiFi of Makhleb (D:9)
  2 hydras
  A skeletal warrior (D:11)
  2 centaur zombies (D:11)
  3 centaur skeletons (D:11)
  A flying skull (D:11)
  A yak (D:8)
  A warg (D:9)
  A water moccasin (D:8)
  An electric eel (D:7)
  A boggart zombie (D:11)
  294 foxfires
  A fungus (D:5)
  2 plants (D:6)
312 creatures vanquished.

Grand Total: 584 creatures vanquished

Notes
Turn   | Place    | Note
-------+----------+-------------------------------------------
     0 | D:1      | croobank the Demonspawn Conjurer began the quest for the
                  | Orb.
     0 | D:1      | Reached XP level 1. HP: 13/13 MP: 3/3
   360 | D:1      | Found Leotz's General Store.
   363 | D:1      | Bought a scroll of identify for 20 gold pieces
   544 | D:1      | Gained mutation: You are partially covered in yellow
                  | scales. (AC +2) [demonic ancestry]
   544 | D:1      | Reached XP level 2. HP: 19/19 MP: 3/5
   591 | D:1      | Learned a level 2 spell: Searing Ray
  1371 | D:2      | Found a faded altar of an unknown god.
  1390 | D:2      | Identified the ring of False Pretenses {rC+ rN+++ MP+9
                  | Str+6 Dex-4}
  1413 | D:2      | Found a hazy altar of Hepliaklqana.
  1525 | D:2      | Noticed Terence
  1529 | D:2      | Gained mutation: You may rarely emit foul miasma when
                  | damaged in melee. [demonic ancestry]
  1529 | D:2      | Reached XP level 3. HP: 9/24 MP: 0/6
  1647 | D:1      | Killed Terence
  1648 | D:1      | Reached XP level 4. HP: 11/31 MP: 4/7
  2138 | D:2      | Reached skill level 1 in Fighting
  2689 | D:3      | Found an opulent altar of Gozag.
  2704 | D:3      | Became a worshipper of Gozag Ym Sagoz the Greedy
  3547 | D:4      | Reached XP level 5. HP: 37/37 MP: 9/9
  3696 | D:4      | Learned a level 1 spell: Foxfire
  3783 | D:4      | Found a shadowy altar of Dithmenos.
  4615 | D:5      | Entered Level 5 of the Dungeon
  4706 | D:5      | Noticed an ice beast
  4721 | D:5      | Killed an ice beast
  4722 | D:5      | Gained mutation: Your touch may inflict minor irresistible
                  | damage on your foes. [demonic ancestry]
  4722 | D:5      | Reached XP level 6. HP: 44/44 MP: 10/10
  4910 | D:5      | Reached skill level 5 in Conjurations
  5112 | D:5      | Found a shimmering altar of Xom.
  5490 | D:5      | Found a sparkling altar of Nemelex Xobeh.
  5492 | D:5      | Found a blossoming altar of Fedhas.
  5502 | D:5      | Gained mutation: You are mostly covered in yellow scales.
                  | (AC +3) [demonic ancestry]
  5502 | D:5      | Reached XP level 7. HP: 20/51 MP: 12/12
  6443 | D:6      | Found a staircase to the Ecumenical Temple.
  6686 | Temple   | Entered the Ecumenical Temple
  6845 | D:6      | Reached XP level 8. HP: 60/60 MP: 14/14
  7847 | D:6      | Reached skill level 5 in Stealth
  8023 | D:6      | HP: 2/61 [gnoll sergeant/+2 vorpal trident (3)]
  8503 | D:7      | Reached skill level 5 in Spellcasting
  8512 | D:7      | Reached skill level 5 in Dodging
  8515 | D:7      | Reached XP level 9. HP: 30/67 MP: 6/16
  8520 | D:7      | Reached skill level 5 in Fighting
  8710 | D:7      | Found Geler Vav's Book Shoppe.
  8801 | D:7      | Learned a level 3 spell: Mephitic Cloud
  8805 | D:7      | Learned a level 3 spell: Dazzling Flash
  8808 | D:7      | Noticed Menkaure
  8817 | D:7      | Killed Menkaure
  8818 | D:7      | Reached skill level 1 in Summonings
  8912 | D:7      | Found a broken altar of Ashenzari.
  9184 | D:7      | Identified the +0 ring mail of Forking Paths {Fly rElec
                  | rPois Str-4}
  9275 | D:7      | Found an ornate altar of the Wu Jian Council.
 10651 | D:8      | Reached skill level 5 in Summonings
 11138 | D:8      | Found a staircase to the Lair.
 11200 | D:8      | Gained mutation: You are completely covered in yellow
                  | scales. (AC +4, rCorr) [demonic ancestry]
 11200 | D:8      | Reached XP level 10. HP: 42/74 MP: 20/21
 12021 | D:8      | Learned a level 4 spell: Iskenderun's Mystic Blast
 12581 | D:9      | Noticed a two-headed ogre
 12593 | D:9      | Killed a two-headed ogre
 13238 | D:8      | Learned a level 3 spell: Summon Guardian Golem
 13392 | D:8      | Reached XP level 11. HP: 22/80 MP: 10/24
 13735 | D:9      | Reached skill level 1 in Hexes
 13735 | D:9      | Reached skill level 1 in Translocations
 13968 | D:9      | Found a staircase to the Orcish Mines.
 13983 | D:9      | Found a runed translucent door.
 13985 | D:9      | Noticed Arctor's ghost (journeyman MiFi)
 13986 | D:9      | Noticed a four-headed hydra
 14034 | D:7      | Bought a book of the Wilderness for 570 gold pieces
 14040 | D:7      | Learned a level 5 spell: Summon Mana Viper
 14100 | D:10     | Entered Level 10 of the Dungeon
 14535 | D:9      | Killed Arctor's ghost
 14535 | D:9      | Killed a four-headed hydra
 14848 | D:9      | Learned a level 3 spell: Stone Arrow
 16112 | D:11     | Noticed Nergalle
 16117 | D:11     | Noticed a skeletal warrior
 16118 | D:11     | Noticed a skeletal warrior
 16130 | D:11     | Killed Nergalle
 16131 | D:11     | Reached skill level 10 in Spellcasting
 16157 | D:11     | Killed a skeletal warrior
 16161 | D:11     | Killed a skeletal warrior
 16178 | D:11     | Gained mutation: A weak demonic guardian rushes to your
                  | aid. [demonic ancestry]
 16178 | D:11     | Reached XP level 12. HP: 56/91 MP: 2/26
 16470 | D:11     | Noticed a seven-headed hydra
 16483 | D:11     | Killed a seven-headed hydra
 16774 | D:11     | Reached skill level 10 in Summonings
 17227 | D:11     | Slain by a shadow

Illustrated notes

Levels and vault maps discovered:
D:1:      amcnicky_arrival_feature_with_door, layout_rooms, serial_shops,
          nicolae_shop_behind_doors
D:2:      layout_loops_ring, basic_altar,
          shapermc_ecumenical_altar_mp_highgroup, uniq_terence
D:3:      layout_loops_ring, lemuel_tele_altar, amcnicky_mini_pool_small
D:4:      layout_gridville, nicolae_dithmenos_shadow_blocks
D:5:      layout_basic, mainiacjoe_overflow_big_doors,
          mainiacjoe_overflow_small_starburst
D:6:      corexii_shack_village, layout_loops_cross, minmay_temple_entry_grid,
          nicolae_ossuary_entry_false_entrances
D:7:      layout_basic, general_overflow_altar,
          mainiacjoe_overflow_six_doors_small, serial_shops, shop,
          minmay_misc_feat_pillars, nicolae_water_bricks, uniq_menkaure
D:8:      layout_rooms, lair_entry_dummy, chequers_garden, st_stairs_3
D:9:      layout_big_octagon, minmay_orc_entry_guard_dogs,
          ebering_ghost_inner_flame
D:10:     layout_cave_pools
D:11:     hangedman_screamer, layout_irregular_city, uniq_nergalle, uniq_grum,
          uniq_fannar
Temple:   eino_wide_crystal_templ

Skill      XL: |  1  2  3  4  5  6  7  8  9 10 11 12 |
---------------+-------------------------------------+-----
Stealth        | 2 3 4 5 |  5.7
Dodging        | 2 3 4 5 7 |  7.8
Fighting       | 1 2 3 4 5 7 8 |  8.1
Spellcasting   | 3 4 5 7 9 10 | 10.0
Conjurations   | 5 6 |  6.8
Summonings     | 5 8 9 10 | 10.0
Hexes          | 3 |  3.0
Translocations | 3 |  3.0

Action                   |  1- 3 |  4- 6 |  7- 9 | 10-12 || total
-------------------------+-------+-------+-------+-------++-------
Melee: Dagger            |    28 |       |   104 |   136 ||   268
       Unarmed           |     3 |       |       |       ||     3
       Short sword       |       |    42 |    13 |       ||    55
       Punch             |       |     1 |     1 |     2 ||     4
       Touch             |       |     1 |    22 |    37 ||    60
 Cast: Magic Dart        |    38 |    54 |    28 |    31 ||   151
       Searing Ray       |     6 |    30 |    46 |    44 ||   126
       Foxfire           |       |    19 |    96 |    55 ||   170
       Dazzling Flash    |       |       |    12 |    17 ||    29
       Mephitic Cloud    |       |       |     5 |     9 ||    14
       Iskenderun's Myst |       |       |       |    42 ||    42
       Summon Guardian G |       |       |       |    23 ||    23
       Summon Mana Viper |       |       |       |    13 ||    13
       Stone Arrow       |       |       |       |     1 ||     1
Invok: Potion Petition   |       |       |     1 |     1 ||     2
Evoke: Wand              |       |       |       |     1 ||     1
  Use: Scroll            |     5 |     7 |     4 |     1 ||    17
       Potion            |     1 |     1 |     1 |     1 ||     4
 Stab: Sleeping          |     1 |     1 |     1 |     1 ||     4
       Invisible         |       |       |     6 |     2 ||     8
       Confused          |       |       |       |     1 ||     1
Armor: Robe              |     9 |    19 |    46 |   111 ||   185
       Skin              |       |       |    15 |       ||    15
Dodge: Dodged            |    26 |    53 |   170 |   186 ||   435
